 Dungeon Crawl Stone Soup version 0.18.1-48-g4cf74bf (webtiles) character file.

336 dearth the Chopper (level 6, 0/53 HPs)
             Began as a Hill Orc Fighter on Aug 4, 2016.
             Succumbed to Sigmund's poison
             ... on level 4 of the Dungeon.
             The game lasted 00:05:39 (2335 turns).

dearth the Chopper (Hill Orc Fighter)               Turns: 2335, Time: 00:05:40

Health: 0/53       AC:  9    Str: 21    XL:     6   Next: 54%
Magic:  7/7        EV:  8    Int:  8    God:
Gold:   132        SH:  9    Dex: 10    Spells: 0 memorised, 5 levels left

rFire  + . .     SeeInvis .     a - +0 war axe
rCold  . . .     Gourm    .     x - +2 ring mail {rF+}
rNeg   . . .     Faith    .     c - +0 shield
rPois  .         Spirit   .     n - +0 helmet
rElec  .         Dismiss  .     (no cloak)
rCorr  .         Reflect  .     (no gloves)
SustAt .         Harm     .     (no boots)
MR     .....                    (no amulet)
Stlth  ..........               (no ring)
                                (no ring)

@: lethally poisoned (0 -> -16), not resistant to hostile enchantments,
extremely unstealthy
A: no striking features
a: no special abilities


You were on level 4 of the Dungeon.
You were very hungry.

You visited 1 branch of the dungeon, and saw 4 of its levels.

You collected 132 gold pieces.

Inventory:

Hand Weapons
 a - a +0 war axe (weapon)
Armour
 b - a +0 scale mail
 c - a +0 shield (worn)
 n - a +0 helmet (worn)
 x - a +2 ring mail of fire resistance (worn)
Wands
 u - a wand of hasting (4/9)
Scrolls
 e - 8 scrolls of identify {unknown}
 g - a scroll of recharging {unknown}
 m - 2 scrolls of teleportation {unknown}
 o - a scroll of immolation {unknown}
 r - a scroll of remove curse {unknown}
 t - a scroll of magic mapping {unknown}
 v - a scroll of fear {unknown}
 y - a scroll of fog {unknown}
Potions
 d - a potion of mutation {unknown}
 h - 2 potions of resistance {unknown}
 i - 2 potions of heal wounds
 j - a potion of flight {unknown}
 k - 2 potions of magic {unknown}
 l - 2 potions of curing
 q - a potion of ambrosia {unknown}
 s - a potion of berserk rage {unknown}
 w - a potion of brilliance {unknown}
Comestibles
 f - 5 bread rations
 p - 2 meat rations
 z - a royal jelly


   Skills:
 + Level 4.7 Fighting
 * Level 5.4 Axes
 + Level 4.6 Armour
 + Level 4.6 Shields
 + Level 1.4 Evocations


You had 5 spell levels left.
You didn't know any spells.

Dungeon Overview and Level Annotations

Branches:
Dungeon (4/15)
 Temple: D:4-7

Altars:
Sif Muna

Annotations:
D:4 Sigmund; ThereIsNoGod's ghost, amateur MiGl


Message History

You block ThereIsNoGod's ghost's attack.
ThereIsNoGod's ghost barely misses you.
You barely miss Sigmund. You hit ThereIsNoGod's ghost.
ThereIsNoGod's ghost is lightly damaged.
You feel sick.
Sigmund hits you with a scythe of venom!
You are more poisoned.
ThereIsNoGod's ghost hits you!
* * * LOW HITPOINT WARNING * * *
* * * LOW HITPOINT WARNING * * *
You feel sick.
Sigmund hits you with a scythe of venom.
* * * LOW HITPOINT WARNING * * *
You are more poisoned.
You see here 10 gold pieces.
* * * LOW HITPOINT WARNING * * *
You feel sick. You block Sigmund's attack.
* * * LOW HITPOINT WARNING * * *
You feel sick.
You die...

............
#.......#
#.......#
#...)...#
#.....$.#
#$.$@...#
###..W....#
#...<.#.###
#.##@###.#
.......##
#.. #......
... #..#.##
... ..... ..
.## #


You could see Sigmund and ThereIsNoGod's ghost.

Vanquished Creatures
  An ogre (D:4)
  Jessica (D:3)
  Terence (D:3)
  Natasha (thrice) (D:3)
  4 gnolls (D:2)
  2 adders
  A worm (D:2)
  A giant gecko (D:2)
  9 orcs (D:3)
  A ball python (D:3)
  2 giant cockroaches (D:3)
  5 goblins
  6 hobgoblins
  4 jackals (D:3)
  5 bats
  3 giant newts (D:3)
  A jackal skeleton (D:3)
  8 kobolds
  10 rats
68 creatures vanquished.

Notes
Turn   | Place    | Note
--------------------------------------------------------------
     0 | D:1      | dearth the Hill Orc Fighter began the quest for the Orb.
     0 | D:1      | Reached XP level 1. HP: 19/19 MP: 1/1
   118 | D:1      | Reached skill level 3 in Axes
   136 | D:1      | Reached XP level 2. HP: 26/27 MP: 2/2
   538 | D:2      | Reached XP level 3. HP: 32/33 MP: 3/3
   567 | D:2      | Reached XP level 4. HP: 23/40 MP: 4/4
   727 | D:2      | Reached skill level 4 in Axes
  1361 | D:3      | Noticed Natasha
  1371 | D:3      | Killed Natasha
  1557 | D:3      | Noticed Terence
  1557 | D:3      | Noticed Jessica
  1567 | D:3      | Killed Terence
  1567 | D:3      | Reached XP level 5. HP: 39/46 MP: 5/5
  1574 | D:3      | Noticed Natasha
  1577 | D:3      | Killed Jessica
  1579 | D:3      | Killed Natasha
  1724 | D:3      | Reached skill level 5 in Axes
  1781 | D:3      | Reached skill level 1 in Evocations
  1801 | D:3      | Noticed Natasha
  1815 | D:3      | Killed Natasha
  1815 | D:3      | Reached XP level 6. HP: 42/53 MP: 6/6
  2230 | D:3      | Found a deep blue altar of Sif Muna.
  2317 | D:4      | Noticed Sigmund
  2325 | D:4      | Noticed ThereIsNoGod's ghost (amateur MiGl)
  2334 | D:4      | HP: 2/53 [poisoned by Sigmund]
  2335 | D:4      | Succumbed to Sigmund's poison

Skill      XL: |  1  2  3  4  5 |
---------------+----------------+-----
Axes           | 3 4 5 |  5.4
Shields        | 4 |  4.6
Fighting       | 4 |  4.7
Armour         | 4 |  4.6
Evocations     | 1 |  1.4

Action                   |  1- 3 |  4- 6 || total
-------------------------+-------+-------++-------
Melee: War axe           |    53 |   183 ||   236
  Use: Potion            |     1 |     2 ||     3
  Eat: Chunk             |       |     4 ||     4
Armor: Scale mail        |    29 |    59 ||    88
       Ring mail         |       |    26 ||    26
Dodge: Dodged            |    12 |    52 ||    64
Block: Shield            |    31 |    96 ||   127
